 Dungeon Crawl Stone Soup version 0.19-a0-994-g3c636f0 (webtiles) character file.

17835 4thArraOfDagon the Grappler (level 12, -1/115 HPs)
             Began as a Troll Abyssal Knight on July 15, 2016.
             Was an Elder of Lugonu.
             Slain by a storm dragon simulacrum (27 damage)
             ... on level 15 of the Dungeon.
             The game lasted 00:23:53 (4077 turns).

4thArraOfDagon the Grappler (Troll Abyssal Knight)  Turns: 4077, Time: 00:23:54

Health: -1/115     AC:  6    Str: 23    XL:     12   Next: 22%
Magic:  17/17      EV:  8    Int: 12    God:    Lugonu [****..]
Gold:   512        SH: 18    Dex:  7    Spells: 2 memorised, 7 levels left

rFire  + . .     SeeInvis +       - Unarmed
rCold  . . .     Gourm    +     z - +0 robe {rF+}
rNeg   + . .     Faith    .     f - +0 large shield
rPois  +         Spirit   .     (helmet restricted)
rElec  +         Dismiss  .     (no cloak)
rCorr  .         Reflect  +     (gloves unavailable)
SustAt .         Harm     .     (boots unavailable)
MR     .....     NoTele   +     B - amulet of Fun {Reflect -Tele rElec rPois rN+ SH+2}
Stlth  +.........               (no ring)
                                D - ring of wizardry

@: not resistant to hostile enchantments, very unstealthy
A: unfitting armour, claws 3, hooves 1, slimy green scales 1, see invisible,
clumsy 1, deformed body, fast metabolism 3, gourmand, mutation resistance 1,
regeneration 2, shaggy fur 1, tough skin 2
a: Depart the Abyss, Bend Space, Banish, Corrupt, Renounce Religion


You were on level 15 of the Dungeon.
You worshipped Lugonu.
Lugonu was greatly pleased with you.
You were completely stuffed.

You visited 1 branch of the dungeon, and saw 15 of its levels.
You visited the Abyss 1 time.

You collected 512 gold pieces.

Inventory:

Missiles
 d - 11 large rocks (quivered)
Armour
 a - a +0 robe
 f - a +0 large shield (worn)
 x - a steam dragon hide
 z - a +0 robe of fire resistance (worn)
Magical Staves
 w - an uncursed staff of earth
Jewellery
 j - a +4 amulet of reflection
 v - an uncursed ring of fire
 B - the amulet of Fun (around neck) {Reflect -Tele rElec rPois rN+ SH+2}
   (You found it on level 9 of the Dungeon)

   [amulet of reflection]

   It shields you and reflects attacks.
   It insulates you from electricity.
   It protects you from poison.
   It protects you from negative energy.
   It prevents most forms of teleportation.
   It affects your SH (+2).
 D - a ring of wizardry (left claw)
Wands
 A - a wand of lightning (11/15)
 C - a wand of flame (16/48)
 G - a wand of polymorph (14/24)
 I - a wand of disintegration (7/24)
 L - a wand of random effects (23/48)
Scrolls
 g - 2 scrolls of recharging
 h - a scroll of noise
 l - 2 scrolls of remove curse
 m - a scroll of amnesia
 n - a scroll of summoning {unknown}
 q - 2 scrolls of fog
 s - a scroll of enchant armour {unknown}
 u - a scroll of vulnerability {unknown}
 y - 2 scrolls of enchant weapon {unknown}
 F - 2 scrolls of silence {unknown}
 N - a scroll of holy word {unknown}
 O - a scroll of immolation {unknown}
Potions
 e - a potion of might
 k - 2 potions of heal wounds
 o - 2 potions of brilliance
 p - a potion of agility
 t - a potion of magic
 E - a potion of ambrosia {unknown}
 H - a potion of lignification {unknown}
 K - a potion of haste
 M - a potion of degeneration
Comestibles
 b - 11 bread rations
 c - a royal jelly
 i - 5 meat rations
 r - a slice of pizza
 J - 2 beef jerkies


   Skills:
 + Level 6.7 Fighting
 - Level 2.2 Dodging
 * Level 8.7 Shields
 * Level 12.7 Unarmed Combat
 + Level 8.6 Invocations


You had 7 spell levels left.
You knew the following spells:

 Your Spells              Type           Power        Failure   Level  Hunger
a - Repel Missiles        Chrm/Air       #.....       83%         2    ###....
b - Swiftness             Chrm/Air       #.......     83%         2    ###....


Dungeon Overview and Level Annotations

Branches:
Dungeon (15/15)            Temple (0/1) D:4
   Lair: D:8-11         Orc: D:9-12      Vaults: D:13-14     Depths: D:15

Altars:
Ashenzari
Cheibriados
Pakellas

Annotations:
D:13 corrupted


Innate Abilities, Weirdness & Mutations

You are too large for most types of armour.
You have claws for hands.
Your metabolism is lightning-fast.
You like to eat raw meat.
You heal very quickly.
You are covered in fur. (AC +1)
You have very tough skin. (AC +2)
You have large cloven feet.
You are partially covered in slimy green scales. (AC +2)
You have supernaturally acute eyesight. (SInv)
You are clumsy. (Dex -2)
Armour fits poorly on your strangely shaped body.
You are somewhat resistant to further mutation.


Message History

You scratch the wasp but do no damage. You kick the wasp, but do no damage.
The wasp is almost dead.
You block the wasp's attack.
Unknown command.
Put on which piece of jewellery? (? for menu, Esc to quit)
Okay, then.
Unknown command.
The purple ugly thing gurgles horribly!
You claw the wasp!
You kill the wasp!
Lugonu accepts your kill.
Unknown command.
You mangle the storm dragon simulacrum!!
The storm dragon simulacrum bites you.
The storm dragon simulacrum freezes you!!!
* * * LOW HITPOINT WARNING * * *
The storm dragon simulacrum claws you.
* * * LOW HITPOINT WARNING * * *
The storm dragon simulacrum freezes you!!
You die...

...............
u..............
u..............
..u............
......u.$......
..)....u....... .# #u# #.#
#Z# #####.# #@##########.#
......##########............#
.............(..............#
.............(..............#
...............##############
)(..)...............
....(...............
###............#####
#............#


You could see 3 ugly things and a storm dragon simulacrum.

Vanquished Creatures
  A vault guard (D:15)
  A centaur warrior (D:15)
  2 tengu warriors (D:15)
  3 unseen horrors
  3 hill giants
  3 ugly things (D:12)
  2 cyclopes (D:15)
  2 centaur zombies
  2 kobold demonologists (D:15)
  A freezing wraith (D:15)
  A tengu conjurer (D:13)
  A troll (D:9)
  A two-headed ogre (D:11)
  A meliai zombie (D:12)
  A vampire (D:14)
  A wyvern (D:10)
  A spriggan (D:7)
  2 hippogriffs
  A steam dragon (D:9)
  A mottled dragon (D:11)
  3 ice beasts
  A sky beast (D:5)
  A wasp (D:15)
  4 orc warriors
  5 ogres
  2 phantoms
  11 centaurs
  A gnoll sergeant (D:8)
  8 giant frogs
  5 big kobolds
  2 scorpions
  7 killer bees (D:11)
  5 howler monkeys
  8 crimson imps
  2 quasits
  3 hounds
  4 jellies
  4 orc priests
  A giant frog skeleton (D:8)
  2 iguanas
  7 worker ants
  3 orc wizards
  7 gnolls
  5 adders
  A howler monkey skeleton (D:11)
  A shadow imp (D:9)
  An ooze (D:1)
  An adder skeleton (D:9)
  3 dart slugs
  12 orcs
  A ball python (D:1)
  A giant cockroach (D:1)
  4 goblins
  A hobgoblin (D:1)
  3 quokkas
  2 bats
  2 giant newts
  A jackal skeleton (D:4)
  23 kobolds
  A quokka zombie (D:5)
  3 rats
193 creatures vanquished.

Vanquished Creatures (others)
  Kirke (D:13)
  A hydra (D:13)
  A tengu warrior (D:13)
  An orange crystal statue (D:13)
  A hill giant (D:14)
  An orc knight (D:15)
  2 ugly things (D:11)
  A deep elf mage (D:15)
  A centaur zombie (D:13)
  A harpy zombie (D:14)
  3 trolls
  A two-headed ogre (D:14)
  5 slime creatures (D:13)
  A vampire (D:15)
  A wyvern (D:7)
  6 hogs (D:13)
  A water moccasin (D:13)
  2 orc warriors
  3 centaurs
  A hound (D:13)
  2 orc wizards (D:13)
  A worker ant (D:13)
  An orc (D:13)
  A kobold (D:13)
40 creatures vanquished.

Grand Total: 233 creatures vanquished

Notes
Turn   | Place    | Note
-------+----------+-------------------------------------------
     0 | Abyss:1  | 4thArraOfDagon the Troll Abyssal Knight began the quest for the Orb.
     0 | Abyss:1  | Reached XP level 1. HP: 22/22 MP: 1/1
    32 | Abyss:1  | Noticed a sixfirhy
    32 | Abyss:1  | HP: 1/22 [sixfirhy (8)]
    33 | D:1      | Escaped the Abyss
    77 | D:1      | Reached * piety under Lugonu
    80 | D:1      | Reached XP level 2. HP: 29/29 MP: 2/2
   322 | D:3      | Reached skill level 3 in Unarmed Combat
   322 | D:3      | Reached XP level 3. HP: 30/36 MP: 3/3
   444 | D:5      | Entered Level 5 of the Dungeon
   444 | D:5      | Noticed an ice beast
   458 | D:5      | Noticed an ogre
   481 | D:6      | Noticed a phantom
   530 | D:6      | Killed a phantom
   530 | D:6      | Reached ** piety under Lugonu
   530 | D:6      | Reached skill level 4 in Unarmed Combat
   530 | D:6      | Reached XP level 4. HP: 20/44 MP: 3/5
   530 | D:6      | Reached XP level 5. HP: 23/50 MP: 3/6
   562 | D:5      | Noticed a phantom
   570 | D:5      | Noticed a sky beast
   581 | D:5      | Killed a sky beast
   581 | D:5      | Reached skill level 5 in Unarmed Combat
   588 | D:5      | Killed a phantom
   588 | D:5      | Reached XP level 6. HP: 45/59 MP: 7/7
   592 | D:5      | Gained mutation: You have supernaturally acute eyesight. (SInv) [mutagenic meat]
   595 | D:5      | Gained mutation: You are partially covered in slimy green scales. (AC +2) [mutagenic meat]
   598 | D:5      | Gained mutation: Armour fits poorly on your strangely shaped body. [mutagenic meat]
   601 | D:5      | Gained mutation: You are clumsy. (Dex -2) [mutagenic meat]
   660 | D:5      | Reached skill level 6 in Unarmed Combat
   709 | D:5      | Reached XP level 7. HP: 32/66 MP: 9/9
   789 | D:5      | Reached skill level 7 in Unarmed Combat
   836 | D:4      | Found a staircase to the Ecumenical Temple.
   945 | D:7      | Learned a level 2 spell: Repel Missiles
   948 | D:7      | Learned a level 2 spell: Swiftness
  1024 | D:7      | Noticed a spriggan baker
  1026 | D:7      | Killed a wyvern
  1032 | D:7      | Killed a spriggan baker
  1113 | D:8      | Reached skill level 5 in Invocations
  1113 | D:8      | Reached XP level 8. HP: 60/74 MP: 10/10
  1188 | D:7      | Reached skill level 8 in Unarmed Combat
  1220 | D:7      | Found an oddly glowing altar of Pakellas.
  1220 | D:7      | Noticed an orange crystal statue
  1239 | D:7      | Reached *** piety under Lugonu
  1239 | D:7      | Reached skill level 1 in Shields
  1456 | D:9      | Gained mutation: You have large cloven feet. [potion of mutation]
  1456 | D:9      | Gained mutation: You are somewhat resistant to further mutation. [potion of mutation]
  1590 | D:9      | Noticed a troll
  1597 | D:9      | Killed a troll
  1597 | D:9      | Reached XP level 9. HP: 62/83 MP: 12/12
  1641 | D:9      | Reached skill level 9 in Unarmed Combat
  1657 | D:9      | Found a shattered altar of Ashenzari.
  1664 | D:9      | Got a pitted crystal amulet
  1666 | D:9      | Identified the amulet of Fun {Reflect -Tele rElec rPois rN+ SH+2} (You found it on level 9 of the Dungeon)
  1667 | D:9      | haha
  1677 | D:9      | magipi: no enchant armor?
  1747 | D:10     | Entered Level 10 of the Dungeon
  1747 | D:10     | Noticed an unseen horror
  1764 | D:10     | Killed an unseen horror
  1766 | D:10     | Found a snail-covered altar of Cheibriados.
  1821 | D:11     | Noticed a brown ugly thing
  1829 | D:11     | Banished a brown ugly thing
  1841 | D:11     | Noticed an unseen horror
  1873 | D:11     | Reached **** piety under Lugonu
  1875 | D:11     | Killed an unseen horror
  1875 | D:11     | Reached skill level 5 in Shields
  1875 | D:11     | Reached skill level 10 in Unarmed Combat
  1875 | D:11     | Reached XP level 10. HP: 38/94 MP: 9/13
  2195 | D:11     | Noticed a hill giant
  2215 | D:11     | Killed a hill giant
  2215 | D:11     | Reached skill level 5 in Fighting
  2306 | D:11     | Noticed a cyan ugly thing
  2308 | D:11     | Banished a cyan ugly thing
  2347 | D:12     | Reached skill level 11 in Unarmed Combat
  2416 | D:12     | Noticed a red ugly thing
  2438 | D:12     | Killed a red ugly thing
  2604 | D:12     | Noticed a hill giant
  2613 | D:12     | Killed a hill giant
  2613 | D:12     | Reached XP level 11. HP: 41/104 MP: 15/15
  2661 | D:12     | Noticed a red ugly thing
  2670 | D:12     | Killed a red ugly thing
  2699 | D:13     | Noticed an orange crystal statue
  2699 | D:13     | Noticed a red ugly thing
  2703 | D:13     | Noticed a centaur warrior
  2704 | D:13     | Noticed a tengu warrior
  2717 | D:12     | Noticed an unseen horror
  2727 | D:12     | Killed an unseen horror
  2909 | D:12     | Killed a red ugly thing
  2929 | D:13     | Noticed Kirke
  2940 | D:13     | Corrupted D:13
  2940 | D:13     | Noticed a thrashing horror
  2940 | D:13     | Noticed a cacodemon
  2940 | D:13     | Noticed a hell hog
  2940 | D:13     | Noticed a balrug
  2940 | D:13     | Noticed a thrashing horror
  2943 | D:13     | Noticed a large abomination
  2945 | D:13     | Killed Kirke
  2949 | D:13     | Noticed a large abomination
  2961 | D:13     | Killed a six-headed hydra
  2967 | D:13     | Noticed a lich
  2975 | D:13     | Noticed a balrug
  2991 | D:13     | Killed an orange crystal statue
  3052 | D:13     | Killed a tengu warrior
  3148 | D:14     | Noticed a hill giant
  3164 | D:14     | HP: 1/105 [two-headed ogre/giant club (27)]
  3167 | D:14     | Banished a hill giant
  3202 | D:14     | Noticed a vault guard
  3202 | D:14     | Noticed a vault guard
  3203 | D:14     | Noticed a vault guard
  3218 | D:15     | Entered Level 15 of the Dungeon
  3290 | D:15     | Noticed a tengu warrior
  3314 | D:15     | Noticed a tengu warrior
  3323 | D:15     | Killed a tengu warrior
  3332 | D:15     | Killed a tengu warrior
  3332 | D:15     | Reached skill level 12 in Unarmed Combat
  3393 | D:14     | Noticed a hill giant
  3393 | D:14     | Noticed an orc knight
  3403 | D:15     | Banished a hill giant
  3427 | D:15     | Banished an orc knight
  3640 | D:14     | Noticed a vault guard
  3681 | D:15     | Killed a vault guard
  3829 | D:15     | Noticed a hill giant
  3834 | D:15     | Killed a hill giant
  3834 | D:15     | Reached XP level 12. HP: 87/115 MP: 17/17
  3974 | D:15     | Noticed a centaur warrior
  3991 | D:15     | Killed a centaur warrior
  4077 | D:15     | Slain by a storm dragon simulacrum

Vault maps used:
D:1:      dpeg_arrival_three_smaller_balls
D:3:      first_bread
D:7:      serial_shops, shop, the_bakery, gammafunk_pakellas_statue_experiment
D:8:      basic_loot_grate_trap, patterned_corridor
D:9:      lemuel_crystal_altar, grunt_lair_entry_orc_guard_hut, basic_altar
D:10:     kennysheep_orc_sif_temple, minmay_orc_entry_temple_small, basic_altar
D:13:     minmay_statue_bubble, uniq_kirke
D:14:     erik_vaults_2
D:15:     hangedman_depths_entry_try_elsewhere_first

Skill      XL: |  1  2  3  4  5  6  7  8  9 10 11 |
---------------+----------------------------------+-----
Invocations    | 2 3 4 5 6 7 8 |  8.6
Unarmed Combat | 3 4 5 6 7 8 10 11 12 | 12.7
Dodging        | 2 |  2.2
Fighting       | 3 4 5 6 |  6.7
Shields        | 3 5 6 8 |  8.7

Action                   |  1- 3 |  4- 6 |  7- 9 | 10-12 || total
-------------------------+-------+-------+-------+-------++-------
Melee: Unarmed           |    91 |    45 |   255 |   449 ||   840
       Punch             |     1 |     1 |       |       ||     2
       Kick              |       |       |    19 |   104 ||   123
Throw: Large rock        |       |     2 |     5 |    18 ||    25
 Cast: Repel Missiles    |       |       |     1 |       ||     1
       Swiftness         |       |       |     1 |       ||     1
Invok: Depart the Abyss  |     1 |       |       |       ||     1
       Banish            |       |       |     2 |    14 ||    16
       Corrupt           |       |       |       |     1 ||     1
  Use: Scroll            |     4 |       |     4 |     7 ||    15
       Potion            |       |       |     3 |     3 ||     6
  Eat: Chunk             |     5 |    11 |    10 |    30 ||    56
Armor: Robe              |    27 |     9 |    65 |    64 ||   165
       Steam dragon hide |       |       |    15 |       ||    15
Dodge: Dodged            |    35 |    27 |    84 |    76 ||   222
       Deflected         |       |       |     1 |       ||     1
Block: Other             |    12 |     2 |    20 |       ||    34
       Large shield      |       |       |   182 |   415 ||   597
       Reflection        |       |       |     7 |    33 ||    40
